 Dungeon Crawl Stone Soup version 0.29.1-2-gbd0b4ee654 (webtiles) character file.

Game seed: 11320394832334423789

130 Huetiris the Chopper (level 5, -3/46 HPs)
             Began as a Meteoran Fighter on Oct 28, 2022.
             Was an Initiate of Qazlal.
             Slain by a water moccasin (5 damage)
             ... on level 4 of the Dungeon on Nov 2, 2022.
             The game lasted 00:14:50 (1810 turns).

Huetiris the Chopper (Meteoran Fighter)             Turns: 1810, Time: 00:14:50

Health: -3/46      AC:  7    Str: 20    XL:     5   Next: 64%
Magic:  6/6        EV:  9    Int:  9    God:    Qazlal [......]
Gold:   127        SH:  5    Dex: 13    Spells: 4/4 levels left

rFire   x . .      SeeInvis .   a - +0 war axe
rCold   + . .      Faith    .   c - +0 buckler
rNeg    . . .      Spirit   .   b - +0 scale mail
rPois   .          Reflect  .   (no helmet)
rElec   .          Harm     .   (no cloak)
rCorr   .          Rampage  .   (no gloves)
Will    .....                   (no boots)
Stlth   ..........              (no amulet)
HPRegen 0.15/turn               s - ring of flight
MPRegen 0.10/turn               v - ring of ice

@: lethally poisoned (-3 -> -5), flying, glowing
A: sense surroundings 1, otherworldly, glowing, explore regen
a: Renounce Religion


You were on level 4 of the Dungeon.
You worshipped Qazlal.
Qazlal was noncommittal.
You visited 1 branch of the dungeon, and saw 4 of its levels.

You collected 127 gold pieces.

Inventory:

Hand Weapons
 a - a +0 war axe (weapon)
 l - a +0 flail
Armour
 b - a +0 scale mail (worn)
 c - a +0 buckler (worn)
Jewellery
 s - a ring of flight (left hand)
 v - a ring of ice (right hand)
Scrolls
 f - a scroll of brand weapon {unknown}
 h - 2 scrolls of vulnerability {unknown}
 j - 2 scrolls of identify
 m - a scroll of fog {unknown}
 o - a scroll of noise {unknown}
 t - 2 scrolls of poison {unknown}
 w - a scroll of fear {unknown}
Potions
 d - a potion of might
 e - a potion of resistance {unknown}
 g - 3 potions of flight
 i - 2 potions of curing
 k - a potion of brilliance {unknown}
 n - 3 potions of heal wounds
 p - a potion of mutation {unknown}
 q - 2 potions of ambrosia {unknown}
 r - a potion of lignification {unknown}
 u - a potion of magic {unknown}


   Skills:
 + Level 4.2 Fighting
 + Level 4.3 Axes
 + Level 4.1 Armour
 + Level 0.7 Dodging
 + Level 0.9 Stealth
 + Level 3.9 Shields


You had 4 spell levels left.
You didn't know any spells.
Your spell library contained the following spells:

 Spells                   Type           Power      Damage    Failure   Level
 Foxfire                  Conj/Fire      0%         2x1d4     83%         1
 Sting                    Tmut/Pois      0%         1d3       83%         1
 Poisonous Vapours        Pois/Air       0%         N/A       92%         2
 Static Discharge         Conj/Air       0%         3-3/arc   92%         2
 Flame Wave               Conj/Fire      0%         2d4       100%        4
 Olgreb's Toxic Radiance  Pois           0%         N/A       100%        4
 Fireball                 Conj/Fire      0%         3d3       100%        5


Dungeon Overview and Level Annotations

Branches:
Dungeon (4/15) Zot: 739
 Temple: D:4-7

Altars:
Okawaru
Qazlal


Innate Abilities, Weirdness & Mutations

You passively map a small area around you.
You are easily found by Zot.
You glow in the dark.
You regain HP and MP as you explore.


Message History

You block the water moccasin's attack. The adder bites you but does no damage.
The goblin hits you but does no damage.
You miss the goblin. You barely miss the water moccasin. You slash the adder!
You kill the adder!
Qazlal accepts your kill.
You feel sick.
You are no longer poisoned.
The water moccasin barely misses you. The water moccasin bites you.
The goblin hits you but does no damage.
You closely miss the goblin. You barely miss the water moccasin.
You hit the ball python.
The water moccasin bites you but does no damage.
The ball python bites you. The ball python grabs you.
The ball python constricts you. The goblin barely misses you.
The water moccasin bites you.
You are poisoned.
The water moccasin poisons you!
The ball python bites you but does no damage.
The ball python constricts you.
You slash the goblin!
You kill the goblin!
Qazlal accepts your kill.
You closely miss the water moccasin. You slash the ball python!
You kill the ball python!
Qazlal accepts your kill.
You feel very sick. The water moccasin closely misses you.
The water moccasin bites you.
You hit the water moccasin but do no damage.
You feel sick. The water moccasin bites you.
* * * LOW HITPOINT WARNING * * *
You block the water moccasin's attack.
You closely miss the water moccasin.
You feel sick.
The water moccasin bites you but does no damage.
You closely miss the water moccasin.
You feel sick. The water moccasin barely misses you.
The water moccasin bites you.
* * * LOW HITPOINT WARNING * * *
You barely miss the water moccasin.
* * * LOW HITPOINT WARNING * * *
You feel sick. The water moccasin bites you.
You die...

,* * .#,.. . *
.##.,.. , ,*
##.#.,..> , , *
#... ...., ,
,*.########..#.....
.................
,*
,#.......<....>..,
#.....S†...#.... ,
####.)@##.## , . *
#..## .# * *
*#....* *.# * #.#.#
.# #. #. .# * .?
#.* .# , . #, * * ,
*


You could see a water moccasin.

Vanquished Creatures
  An orc priest (D:2)
  5 adders
  2 dart slugs (D:1)
  2 orcs (D:2)
  8 ball pythons
  4 bats
  4 endoplasms
  7 goblins
  5 hobgoblins
  3 jackals (D:3)
  A kobold (D:1)
  A quokka (D:1)
  3 frilled lizards
  5 rats
51 creatures vanquished.

Notes
Turn   | Place    | Note
-------+----------+-------------------------------------------
     0 | D:1      | Huetiris the Meteoran Fighter began the quest for the Orb.
     0 | D:1      | Reached XP level 1. HP: 19/19 MP: 2/2
   108 | D:1      | Reached XP level 2. HP: 26/26 MP: 3/3
   492 | D:1      | Glimpsed the power of Zot.
   539 | D:1      | Glimpsed the power of Zot.
   578 | D:1      | Glimpsed the power of Zot.
   588 | D:1      | Touched by the power of Zot.
   656 | D:2      | Reached XP level 3. HP: 9/23 MP: 4/4
   657 | D:2      | Reached XP level 4. HP: 11/37 MP: 5/5
   840 | D:2      | Got Nigg's Tractate on the Gusty Salvo
   982 | D:2      | You fall into a shaft and drop 1 floor!
   985 | D:3      | Found a stormy altar of Qazlal.
   992 | D:3      | Became a worshipper of Qazlal Stormbringer
  1133 | D:3      | Reached XP level 5. HP: 24/44 MP: 6/6
  1165 | D:3      | Found an iron altar of Okawaru.
  1797 | D:4      | Noticed a water moccasin
  1810 | D:4      | HP: 2/46 [poisoned by a water moccasin]
  1810 | D:4      | Slain by a water moccasin

Illustrated notes

Levels and vault maps discovered:
D:1:      lemuel_arrival_cross, layout_basic, interstate_on_off,
          chequers_serial_rivers_small_3, corexii_item_surrounded_by_moat
D:2:      layout_loops_corners, serial_shops, shop, basic_altar,
          minmay_goblin_kobold_house
D:3:      layout_loops_cross, grunt_qazlal_clouds, mainiacjoe_overflow_brackets,
          minmay_misc_feat_square, minmay_box_of_dots
D:4:      cheibrodos_pilgrimage, layout_rooms, nicolae_ru_sacrificial_ziggurat,
          minmay_temple_entry_drinking_statues, serial_glass, glass_columns_a,
          glass_columns_b, serial_shops,
          nicolae_shop_temple_entry_statues_fountains

Skill      XL: |  1  2  3  4 |
---------------+-------------+-----
Fighting       | 4 |  4.2
Axes           | 3 4 |  4.3
Armour         | 4 |  4.1
Dodging        | |  0.7
Stealth        | |  0.9
Shields        | |  3.9

Action                   |  1- 3 |  4- 6 || total
-------------------------+-------+-------++-------
Melee: War axe           |    36 |   104 ||   140
  Use: Scroll            |       |     2 ||     2
Armor: Scale mail        |    15 |    50 ||    65
Dodge: Dodged            |    18 |    39 ||    57
Block: Buckler           |     6 |    30 ||    36
